 Dungeon Crawl Stone Soup version 0.30-a0-6-g7c9e10e132 (webtiles) character file.

Game seed: 6121014095202860374

60 drpainis the Insei (level 4, 0/32 HPs)
             Began as a Merfolk Transmuter on Aug 22, 2022.
             Slain by a worm (9 damage)
             ... on level 2 of the Dungeon.
             The game lasted 00:02:40 (2102 turns).

drpainis the Insei (Merfolk Transmuter)             Turns: 2102, Time: 00:02:40

Health: 0/32       AC:  2    Str: 12    XL:     4   Next: 6%
Magic:  4/7        EV: 21    Int: 12    God:
Gold:   89         SH:  5    Dex: 19    Spells: 2/8 levels left

rFire   . . .      SeeInvis .      - Unarmed
rCold   . . .      Faith    .    (shield currently unavailable)
rNeg    . . .      Spirit   .    (body armour currently unavailable)
rPois   x          Reflect  +    (helmet currently unavailable)
rElec   .          Harm     .    (cloak currently unavailable)
rCorr   .          Rampage  .    (gloves currently unavailable)
Will    .....                    (boots currently unavailable)
Stlth   ++........               g - amulet of reflection
HPRegen 0.10/turn                (no ring)
MPRegen 0.10/turn                (no ring)

@: spider-form (expiring)
A: venomous fangs, tiny, (nimble swimmer 2), (mertail)
a: End Transformation


You were on level 2 of the Dungeon.
You were a venomous arachnid creature.
You visited 1 branch of the dungeon, and saw 2 of its levels.

You collected 89 gold pieces.

Inventory:

Hand Weapons
 c - a +0 short sword (melded)
Armour
 a - a +0 robe (melded)
 i - a +0 pair of gloves (melded)
Jewellery
 g - an amulet of reflection (around neck)
Scrolls
 d - a scroll of summoning {unknown}
 f - a scroll of teleportation {unknown}
 h - a scroll of enchant weapon {unknown}
 k - a scroll of identify {unknown}
Potions
 e - 2 potions of curing {unknown}
 j - a potion of might {unknown}


   Skills:
 + Level 1.2 Fighting
 + Level 0.7 Short Blades
 + Level 3.4 Dodging
 + Level 1.0 Stealth
 + Level 3.9 Unarmed Combat
 + Level 2.5 Spellcasting
 + Level 3.2 Transmutations


You had 2 spell levels left.
You knew the following spells:

 Your Spells              Type           Power      Damage    Failure   Level
a - Beastly Appendage     Tmut           18%        N/A       19%         1
b - Wereblood             Tmut           9%         N/A       26%         2
c - Spider Form           Tmut/Pois      5%         N/A       61%         3

Your spell library contained the following spells:

 Spells                   Type           Power      Damage    Failure   Level
 Ice Form                 Ice/Tmut       5%         N/A       92%         4


Dungeon Overview and Level Annotations

Branches:
Dungeon (2/15)

Altars:

Shops:
D:1 *   D:2 *


Innate Abilities, Weirdness & Mutations

You are a venomous arachnid creature.
You have poisonous fangs.
You are tiny and dextrous.
Your spellcasting is less reliable in this form.
Your armour is entirely melded.
You are incapable of wielding weapons or throwing items.
((You are very nimble when in or above water. (Stealth+, EV+, Speed+++)))
((Your lower body shifts to a powerful aquatic tail in water.))


Message History

You block the worm's attack. The worm bites you but does no damage.
Your transformation is almost over.
You block the worm's attack. The worm bites you but does no damage.
The worm bites you but does no damage. The worm barely misses you.
The worm bites you but does no damage.
You feel less wooden.
Your +0 pair of gloves unmelds from your body.
Your +0 robe unmelds from your body.
The worm barely misses you.
Sorry, you're not good enough to have a special ability.
There is a stone staircase leading down here.
You see here a +0 hand axe.
Casting: Spider Form (quite dangerous; 38% risk of failure)
Confirm with . or Enter, or press ? or * to list all spells.
You grow a pair of large bovine horns.
Unknown command.
Casting: Beastly Appendage (safe; 7% risk of failure)
Confirm with . or Enter, or press ? or * to list all spells.
The spell is quite dangerous to miscast (38% risk of failure)!
Continue anyway?
Your horns disappear.
You turn into a venomous arachnid creature.
Your +0 short sword melds into your body.
Your +0 pair of gloves melds into your body.
Your +0 robe melds into your body.
Unknown command.
Your transformation is almost over.
You hit the worm.
The worm is poisoned.
The worm is moderately wounded.
You hit the worm but do no damage.
The worm looks even sicker.
The worm is moderately wounded.
The worm bites you.
* * * LOW HITPOINT WARNING * * *
You hit the worm.
The worm looks as sick as possible!
The worm is heavily wounded.
You hit the worm.
The worm looks as sick as possible!
The worm is almost dead.
The worm bites you!
You die...

#........(..#.##.#######.######.#
#...........#.#..........# #.#
#...........#.#..######### #.#
.........####.#..# ##########'#
#####.##..###.#..# #...........
#.###...#.#..# #...........
###'#####......# #...........
#..≈≈≈....#...w# #...........
#...≈....#.≈..s# #...........
#........#~≈...# #...........
#........~≈.#..# #...........
#.....≈..≈..#..# #...........
#.....≈...###..# ###.########
#.....≈≈.#~≈≈..#### #.#
#......≈..≈##.....## #.########
#######≈≈.≈##..##..###.........
##≈≈.##..###..###########


You could see a worm (extremely poisoned).

Vanquished Creatures
  2 adders (D:2)
  A worm (D:2)
  A dart slug (D:1)
  4 endoplasms (D:1)
  A giant cockroach (D:1)
  3 goblins (D:1)
  4 hobgoblins
  2 kobolds
  A quokka (D:1)
  2 ball pythons (D:1)
  9 bats
  A frilled lizard (D:2)
  6 rats
37 creatures vanquished.

Notes
Turn   | Place    | Note
-------+----------+-------------------------------------------
     0 | D:1      | drpainis the Merfolk Transmuter began the quest for the
                  | Orb.
     0 | D:1      | Reached XP level 1. HP: 15/15 MP: 3/3
   126 | D:1      | Found Xashid's General Store.
   257 | D:1      | Reached XP level 2. HP: 20/21 MP: 5/5
   265 | D:1      | Learned a level 2 spell: Wereblood
   620 | D:1      | Reached XP level 3. HP: 14/26 MP: 3/6
  1075 | D:1      | Learned a level 3 spell: Spider Form
  1372 | D:2      | Found Daworeo's General Store.
  1641 | D:2      | Reached skill level 1 in Stealth
  1813 | D:2      | Reached XP level 4. HP: 27/32 MP: 5/7
  2102 | D:2      | Slain by a worm

Illustrated notes

Levels and vault maps discovered:
D:1:      minmay_arrival_split_and_join, layout_rooms, serial_shops,
          nicolae_shop_competitors_out_of_business
D:2:      layout_basic, serial_shops, nicolae_shop_waterfront,
          chequers_serial_rivers_small_b

Skill      XL: |  1  2  3 |
---------------+----------+-----
Transmutations | 3 |  3.2
Dodging        | 3 |  3.4
Stealth        | 1 |  1.0
Fighting       | |  1.2
Short Blades   | |  0.7
Unarmed Combat | |  3.9
Spellcasting   | |  2.5

Action                   |  1- 3 |  4- 6 || total
-------------------------+-------+-------++-------
Melee: Unarmed           |    12 |     4 ||    16
       Short sword       |   108 |     5 ||   113
       Headbutt          |    15 |     1 ||    16
       Punch             |     5 |       ||     5
 Cast: Beastly Appendage |    16 |     2 ||    18
       Wereblood         |     5 |       ||     5
       Spider Form       |       |     1 ||     1
  Use: Potion            |       |     1 ||     1
 Stab: Sleeping          |     2 |       ||     2
Armor: Robe              |    41 |       ||    41
       Skin              |       |     4 ||     4
Dodge: Dodged            |   114 |     2 ||   116
Block: Other             |     6 |     2 ||     8

Table legend: (Time is in decaauts)
 A = Elapsed time spent in this place.
 B = Non-inter-level travel time spent in this place.
 C = Inter-level travel time spent in this place.
 D = Time resting spent in this place.
 E = Time spent auto-exploring this place.
 F = Levels seen in this place.
 G = Mean time per level.
                   A        B        C        D        E       F      G
               +--------+--------+--------+--------+--------+-----+--------+
         Total |   2101 |   2028 |     73 |    129 |   1412 |   2 | 1050.5 |
       Dungeon |   2101 |   2028 |     73 |    129 |   1412 |   2 | 1050.5 |
               +--------+--------+--------+--------+--------+-----+--------+

Top non-repeatable levels by time:
     D:1: 1232 daAuts
     D:2: 869 daAuts
